 Dungeon Crawl Stone Soup version 0.29-a0-885-gb26ba3297d (webtiles) character file.

Game seed: 3049079180026107417

73 mathmaestro the Grave Robber (level 4, 32/32 HPs)
             Began as a Demonspawn Necromancer on July 20, 2022.
             Quit the game on level 2 of the Dungeon.
             The game lasted 00:06:21 (2117 turns).

mathmaestro the Grave Robber (DsNe)                 Turns: 2117, Time: 00:06:22

Health: 32/32      AC:  4    Str:  8    XL:     4   Next: 8%
Magic:  2/7        EV: 11    Int: 18    God:
Gold:   77         SH:  0    Dex: 14    Spells: 4/8 levels left

rFire   . . .      SeeInvis .   k - +1 dagger (protect)
rCold   . . .      Faith    .   (no shield)
rNeg    . . .      Spirit   .   i - +0 leather armour
rPois   .          Reflect  .   h - +0 helmet
rElec   .          Harm     .   (no cloak)
rCorr   .          Rampage  .   (no gloves)
Will    .....                   (no boots)
Stlth   ++........              (no amulet)
HPRegen 0.10/turn               (no ring)
MPRegen 0.10/turn               (no ring)

@: very slightly contaminated
A: hooves 1, foul stench 1
a: no special abilities


You were on level 2 of the Dungeon.
You visited 1 branch of the dungeon, and saw 2 of its levels.

You collected 77 gold pieces.

Inventory:

Hand Weapons
 k - a +1 dagger of protection (weapon)
Missiles
 f - 11 javelins (quivered)
Armour
 h - a +0 helmet (worn)
 i - a +0 leather armour (worn)
Scrolls
 a - a scroll of amnesia {unknown}
 c - 2 scrolls of identify {unknown}
 e - a scroll of blinking {unknown}
 j - 2 scrolls of teleportation {unknown}
 l - a scroll of fear {unknown}
Potions
 b - 2 potions of magic
 d - a potion of haste {unknown}
 g - a potion of might {unknown}
 m - a potion of flight {unknown}


   Skills:
 + Level 1.6 Fighting
 + Level 1.0 Armour
 - Level 2.0 Dodging
 - Level 2.0 Stealth
 + Level 2.6 Spellcasting
 + Level 4.9 Necromancy


You had 4 spell levels left.
You knew the following spells:

 Your Spells              Type           Power      Damage    Failure   Level
a - Necrotise             Necr           80%        1d8       3%          1
b - Vampiric Draining     Necr           20%        2d7       10%         3

Your spell library contained the following spells:

 Spells                   Type           Power      Damage    Failure   Level
 Animate Dead             Necr           20%        N/A       30%         4
 Tukima's Dance           Hex            2%         N/A       58%         3
 Passage of Golubria      Tloc           2%         N/A       94%         4
 Agony                    Necr           20%        N/A       65%         5
 Yara's Violent Unravell  Hex/Tmut       1%         3d3       100%        5


Dungeon Overview and Level Annotations

Branches:
Dungeon (2/15)

Altars:

Shops:
D:2 (


Innate Abilities, Weirdness & Mutations

You have large cloven feet.
You may rarely emit foul miasma when damaged in melee.


Message History

The bat writhes in agony.
You kill the bat!
The dead are flying!
Your Armour skill increases to level 1!
You swap places.
An adder comes into view.
You swap places.
The adder hisses angrily.
Casting: Necrotise (safe; 3% risk of failure)
Confirm with . or Enter, or press ? or * to list all spells.
Aiming: Necrotise (safe; 3% risk of failure)
Press: ? - help, Shift-Dir - straight line, f - adder
Aim: an adder (ally target, chance to affect: 84%)
You miscast Necrotise.
You are very lightly contaminated with residual magic.
Nothing appears to happen.
Casting: Necrotise (safe; 3% risk of failure)
Confirm with . or Enter, or press ? or * to list all spells.
Aiming: Necrotise (safe; 3% risk of failure)
Press: ? - help, Shift-Dir - straight line, f/p - adder
Aim: an adder (ally target, chance to affect: 84%)
The adder writhes in agony.
Casting: Necrotise (safe; 3% risk of failure)
Confirm with . or Enter, or press ? or * to list all spells.
Aiming: Necrotise (safe; 3% risk of failure)
Press: ? - help, Shift-Dir - straight line, f/p - adder
Aim: an adder (heavily wounded, ally target, chance to affect: 84%)
The adder writhes in agony.
The adder closely misses you.
Casting: Necrotise (safe; 3% risk of failure)
Confirm with . or Enter, or press ? or * to list all spells.
Aiming: Necrotise (safe; 3% risk of failure)
Press: ? - help, Shift-Dir - straight line, f/p - adder
Aim: an adder (almost dead, ally target, chance to affect: 84%)
The adder writhes in agony.
You kill the adder!
The dead are slithering!
You have reached level 4!
You feel agile.
Your demonic ancestry asserts itself...
You begin to emit a foul stench of rot and decay.
Are you sure you want to abandon this character and quit the game? (Confirm with "yes".)

####.# ######....#
..........####
.#.#.#.#......
........Z...#
.#.#.#.#....
..........#
.#.#.#.#@#
........Z# #
.#.#.#.#.# ##.# #'#
.........# ....#
#.#
########.########
#.# #........#
#####.## #........#
....[..##
######.########
........###.##...##


You could see a friendly bat skeleton and a friendly adder skeleton.

Vanquished Creatures
  Robin (D:2)
  An adder (D:2)
  3 dart slugs (D:1)
  An endoplasm (D:2)
  2 giant cockroaches (D:1)
  9 goblins
  6 hobgoblins
  4 kobolds
  A quokka (D:2)
  3 ball pythons
  4 bats
  A frilled lizard (D:1)
  7 rats
43 creatures vanquished.

Vanquished Creatures (collateral kills)
  A ball python (D:1)
1 creature vanquished.

Grand Total: 44 creatures vanquished

Notes
Turn   | Place    | Note
-------+----------+-------------------------------------------
     0 | D:1      | mathmaestro the Demonspawn Necromancer began the quest for
                  | the Orb.
     0 | D:1      | Reached XP level 1. HP: 13/13 MP: 3/3
   136 | D:1      | Gained mutation: You have large cloven feet. [demonic
                  | ancestry]
   136 | D:1      | Reached XP level 2. HP: 20/20 MP: 1/5
   227 | D:1      | Found a faded altar of an unknown god.
   560 | D:1      | Reached skill level 1 in Fighting
   994 | D:2      | Reached XP level 3. HP: 26/26 MP: 4/6
   998 | D:2      | Learned a level 3 spell: Vampiric Draining
  1089 | D:2      | Noticed Robin
  1384 | D:2      | Found Umosem's Weapon Shoppe.
  1412 | D:2      | Killed Robin
  2099 | D:2      | Reached skill level 1 in Armour
  2117 | D:2      | Gained mutation: You may rarely emit foul miasma when
                  | damaged in melee. [demonic ancestry]
  2117 | D:2      | Reached XP level 4. HP: 32/32 MP: 2/7
  2117 | D:2      | Quit the game

Illustrated notes

Levels and vault maps discovered:
D:1:      beargit_arrival_greenhouse, layout_rooms,
          hellmonk_ecumenical_altar_pennies_from_heaven
D:2:      layout_loops_corners, serial_co_window_serial, co_window_paths_b,
          co_window_paths_a, co_window_cross_1, co_window_paths_b,
          co_window_corner_a, co_window_unsneaky_path_d, co_window_paths_c,
          co_window_of_opportunity_b, co_window_2corner,
          co_window_of_opportunity_b, co_window_corner_b,
          co_window_of_opportunity_b, co_window_4corner_a, glass_columns_c,
          serial_shops, nicolae_shop_temple_entry_statues_fountains, uniq_robin

Skill      XL: |  1  2  3 |
---------------+----------+-----
Stealth        | 2 |  2.0
Dodging        | 2 |  2.0
Fighting       | 1 |  1.6
Armour         | 1 |  1.0
Spellcasting   | |  2.6
Necromancy     | |  4.9

Action                   |  1- 3 |  4- 6 || total
-------------------------+-------+-------++-------
Melee: Unarmed           |    12 |       ||    12
       Spear             |    12 |       ||    12
       Dagger            |     4 |       ||     4
       Kick              |     2 |       ||     2
Throw: Javelin           |     2 |       ||     2
 Cast: Necrotise         |    65 |       ||    65
  Use: Potion            |     1 |       ||     1
 Stab: Distracted        |     1 |       ||     1
Armor: Leather armour    |    11 |       ||    11
       Robe              |     1 |       ||     1
Dodge: Dodged            |    32 |       ||    32

Table legend: (Time is in decaauts)
 A = Elapsed time spent in this place.
 B = Non-inter-level travel time spent in this place.
 C = Inter-level travel time spent in this place.
 D = Time resting spent in this place.
 E = Time spent auto-exploring this place.
 F = Levels seen in this place.
 G = Mean time per level.
                   A        B        C        D        E       F      G
               +--------+--------+--------+--------+--------+-----+--------+
         Total |   2119 |   2093 |     26 |    159 |   1613 |   2 | 1059.5 |
       Dungeon |   2119 |   2093 |     26 |    159 |   1613 |   2 | 1059.5 |
               +--------+--------+--------+--------+--------+-----+--------+

Top non-repeatable levels by time:
     D:2: 1199 daAuts
     D:1: 920 daAuts
